 Dungeon Crawl Stone Soup version 0.30-a0-140-gd1020e658a (webtiles) character file.

Game seed: 14457521687379057168

115658 qw the Peltast (level 16, -4/101 HPs)
             Began as a Gargoyle Fighter on Sept 24, 2022.
             Was a High Priest of Okawaru.
             Slain by a naga
             ... wielding a +0 trident
              (8 damage)
             ... on level 2 of the Snake Pit.
             The game lasted 00:13:10 (28847 turns).

qw the Peltast (Gargoyle Fighter)                  Turns: 28847, Time: 00:13:11

Health: -4/101     AC: 43    Str: 28    XL:     16   Next: 69%
Magic:  21/23      EV: 15    Int:  9    God:    Okawaru [*****.]
Gold:   1559       SH: 22    Dex: 12    Spells: 15/15 levels left

rFire   . . .      SeeInvis .    y - +6 broad axe (holy)
rCold   . . .      Faith    .    s - +0 tower shield
rNeg    + . .      Spirit   .    D - +7 chain mail of Wu Jian {Dex+3}
rPois   inf        Reflect  .    (no helmet)
rElec   +          Harm     .    w - +2 cloak
rCorr   .          Rampage  .    i - +2 pair of gloves
Will    +....                    v - +2 pair of boots
Stlth   ..........               c - amulet of the acrobat
HPRegen 0.26/turn                E - +4 ring of slaying {mikee}
MPRegen 0.18/turn                r - +4 ring of evasion

@: about to teleport, heroic, finesse-ful, weakened, flying
A: sickness immunity, AC +12, big wings, negative energy resistance 1,
electricity resistance, torment resistance 1, petrification resistance
a: Renounce Religion, Heroism, Finesse, Duel


You were on level 2 of the Snake Pit.
You worshipped Okawaru.
Okawaru was extremely pleased with you.
You visited 5 branches of the dungeon, and saw 25 of its levels.

You collected 2597 gold pieces.
You spent 1038 gold pieces at shops.


Innate Abilities, Weirdness & Mutations

You are immune to sickness and miasma.
Your stone body is resilient. (AC +12)
You are immune to poison.
Your large and strong wings let you fly.
You resist negative energy. (rN+)
You are resistant to electric shocks. (rElec)
You are resistant to unholy torment.
You are immune to petrification.


   Skills:
 - Level 12.0(17.0) Fighting
 + Level 16.2(21.2) Axes
 - Level 7.0(12.0) Throwing
 - Level 10.0(15.0) Armour
 - Level 4.0(9.0) Dodging
 - Level 17.0(22.0) Shields
 - Level 10.0 Invocations


You had 15 spell levels left.
You didn't know any spells.
Your spell library was empty.

Inventory:

Hand Weapons
 y - a +6 broad axe of holy wrath (weapon)
 K - a +2 flail of draining
Missiles
 G - 12 boomerangs
 I - 2 silver javelins (quivered)
 J - 2 boomerangs of dispersal
Armour
 g - +0 ice dragon scales
 i - a +2 pair of gloves (worn)
 l - +0 fire dragon scales
 s - a +0 tower shield (worn)
 v - a +2 pair of boots (worn)
 w - a +2 cloak (worn)
 x - +0 acid dragon scales
 B - the +2 robe "Rusysuoc" {Harm rF+ rCorr Int-4}
   (You found it on level 2 of the Lair of Beasts)

   Int:       It affects your intelligence (-4).
   rF:        It protects you from fire.
   rCorr:     It protects you from acid and corrosion.
   Harm:      It increases damage dealt and taken.
 D - the +7 chain mail of Wu Jian (worn) {Dex+3}
   (You found it on level 5 of the Lair of Beasts)

   Dex:       It affects your dexterity (+3).
Jewellery
 b - a ring of fire
 c - an amulet of the acrobat (around neck)
 e - a ring of resist corrosion
 r - a +4 ring of evasion (right hand)
 t - a ring of resist corrosion
 A - a ring of fire
 C - an amulet of regeneration
 E - a +4 ring of slaying (left hand) {mikee}
 H - a ring of ice
Scrolls
 f - 13 scrolls of identify
 m - 7 scrolls of teleportation
 F - a scroll of enchant armour
 M - a scroll of brand weapon
Potions
 d - 4 potions of might
 h - 5 potions of curing
 j - a potion of resistance
 k - 2 potions of cancellation
 n - 3 potions of lignification
 o - 8 potions of mutation
 q - a potion of haste
 u - 6 potions of attraction
 z - 2 potions of magic

Dungeon Overview and Level Annotations

Branches:
Dungeon (15/15)            Temple (1/1) D:5            Lair (5/5) D:10
 Shoals (0/4) Lair:3        Snake (2/4) Lair:3        Slime (0/5) Lair:5
    Orc (2/2) D:10            Elf (0/3) Orc:2        Vaults (0/5) D:13
 Depths (0/4) D:15

Altars:
Ashenzari
Cheibriados
Dithmenos
Elyvilon
Fedhas
Gozag
Hepliaklqana
Kikubaaqudgha
Makhleb
Nemelex Xobeh
Okawaru
Qazlal
Ru
Sif Muna
Trog
Uskayaw
Vehumet
Wu Jian
Xom
Yredelemnul
Zin
The Shining One

Shops:
D:7 [   D:10 [   D:15 *   Orc:2 *(:[

Portals:
Abyss: D:5

Annotations:
D:5 2 transporters, qw's ghost, amateur GrFi
D:15 1 runed translucent door, TuffENuff's ghost, journeyman FoFi
Lair:2 2 transporters, Weugil's ghost, journeyman HaBe


Message History

Asterion is severely wounded.
The naga mage spits poison at you.
The splash of poison hits you but does no damage.
You resist. You block Asterion's attack. x2
You slash Asterion!
Asterion is almost dead.
You slash the Executioner!
The Executioner convulses!
You block the naga's attack. The Executioner hits you.
The Executioner hits you but does no damage. x2
You slash Asterion!
Asterion is almost dead.
You barely miss the Executioner.
The naga no longer looks unusually toxic.
The naga mage hits you but does no damage.
Asterion hits you with a +0 vorpal broad axe!!
You block Asterion's attack. You block the naga's attack.
28845 ||| READING 8 scrolls of teleportation.
As you read the scroll of teleportation, it crumbles to dust.
You feel strangely unstable. You block the Executioner's attack. x2
The Executioner hits you but does no damage.
You block the naga's attack. The Executioner misses you. x2
The Executioner hits you but does no damage.
The naga mage hits you but does no damage.
Asterion barely misses you. Asterion gores you but does no damage.
You block the naga's attack. The naga barely misses you.
Asterion blocks your attack.
Asterion is almost dead.
You hit the Executioner.
The Executioner convulses.
You block the Executioner's attack. x3
The naga mage casts a spell at you.
The bolt of poison hits you but does no damage.
You resist. Asterion hits you but does no damage. Asterion gores you!
You slash Asterion!
You kill Asterion!
Okawaru accepts your kill.
The Executioner disappears in a puff of smoke!
You block the naga's attack.
The naga hits you from afar with a +0 trident!
You die...

........ .........
..... .........##
#..... ....^.....#
#...... ..........#
...... ..........##
....# ...........#
.N.#
...........######)N##
................@ยค..#
...?.......#####))...#
..........## #.N...#
..........# #........
..........# #........
.....%...## .........
.........# .........
........## .........
.# ........# .#..


You could see a naga mage (fast) and 2 nagas.

Vanquished Creatures
  Asterion (Snake:2)
  Kirke (Lair:5)
  Nessos (Lair:5)
  A dire elephant (Lair:5)
  A fire dragon (D:15)
  An ettin (D:13)
  An ice dragon (D:15)
  A vault guard (D:13)
  A salamander tyrant (Snake:2)
  7 hydras
  2 ogre magi (D:13)
  4 boulder beetles
  7 centaur warriors
  2 anacondas (Snake:1)
  A death knight (D:15)
  A naga warrior (Snake:1)
  8 two-headed ogres
  8 orc high priests
  2 tengu warriors
  A vampire mage (D:13)
  A naga sharpshooter (Snake:2)
  4 death yaks
  A shock serpent (Snake:1)
  Sonja (Lair:3)
  A salamander mystic (Snake:2)
  A wizard (D:13)
  3 deep elf zephyrmancers (D:13)
  2 orc knights
  An orc sorcerer (D:15)
  A wolf spider (Lair:5)
  9 salamanders
  4 oklob plants (Lair:5)
  11 cyclopes
  7 manticores
  26 black mambas
  A merfolk siren (Lair:3)
  15 ugly things
  An elephant (Lair:4)
  2 gargoyles
  4 naga magi
  A guardian serpent (Lair:5)
  9 cane toads
  A komodo dragon (shapeshifter) (D:12)
  An unseen horror (D:13)
  Maggie (D:9)
  8 komodo dragons
  2 kobold demonologists
  2 rime drakes (Lair:4)
  2 tengu conjurers (D:13)
  2 efreet
  4 freezing wraiths
  A queen bee (Lair:4)
  2 meliai (Lair:4)
  11 polar bears
  5 hornets
  4 trolls
  A queen bee (shapeshifter) (D:15)
  4 raiju (Lair:5)
  4 blink frogs
  8 slime creatures
  6 dream sheep (Lair:5)
  2 shadows
  Sigmund (D:2)
  6 wraiths
  A vampire (D:13)
  4 water elementals (D:15)
  29 yaks
  11 wyverns
  A steam dragon (D:10)
  10 basilisks
  A hog (Lair:5)
  4 humans (Lair:5)
  3 redbacks (Lair:5)
  8 vampire mosquitoes
  Edmund (D:4)
  12 wargs
  14 nagas
  3 acid dragons
  17 water moccasins
  13 hell hounds (Lair:5)
  13 orc warriors
  12 black bears
  2 ice beasts
  5 ogres
  A sky beast (D:7)
  25 wolves
  4 boggarts (D:13)
  A boggart (shapeshifter) (D:13)
  19 centaurs
  3 phantoms
  7 kobold brigands
  10 bullfrogs
  4 necrophages
  3 scorpions
  2 gnoll sergeants
  5 wights
  4 troll zombies (D:10)
  35 killer bees
  12 howler monkeys
  13 electric eels
  8 hounds
  49 orc priests
  A centaur zombie (D:4)
  A human zombie (D:4)
  2 gnoll boudas
  5 hell rats
  18 orc wizards
  2 iguanas (D:6)
  A scorpion zombie (D:4)
  2 ogre zombies (D:10)
  A hound zombie (D:4)
  4 mummies (D:4)
  A howler monkey zombie (D:4)
  7 gnolls
  6 adders
  A river rat (Lair:4)
  2 white imps
  3 dart slugs
  85 orcs
  4 endoplasms
  2 giant cockroaches
  12 goblins
  7 hobgoblins
  7 jackals
  6 quokkas
  8 ball pythons
  5 bats
  3 frilled lizards
  A goblin zombie (D:10)
  A hobgoblin skeleton (D:10)
  A hobgoblin zombie (D:10)
  17 kobolds
  3 orc skeletons (D:10)
  13 orc zombies (D:10)
  3 rats
840 creatures vanquished.

Vanquished Creatures (others)
  2 bushes
  50 fungi
  150 plants
202 creatures vanquished.

Grand Total: 1042 creatures vanquished

Notes
Turn   | Place    | Note
-------+----------+-------------------------------------------
     0 | D:1      | qw the Gargoyle Fighter began the quest for the Orb.
     0 | D:1      | Reached XP level 1. HP: 14/14 MP: 1/1
     0 | D:1      | 0 ||| qw: Version: 0.1.0-9-gbc19398
     0 | D:1      | 0 ||| qw: Game counter: 14
     0 | D:1      | 0 ||| qw: Always use a shield: true
     0 | D:1      | 0 ||| qw: God list: Okawaru
     0 | D:1      | 0 ||| qw: Allow faded altars: false
     0 | D:1      | 0 ||| qw: Do Orc after D:15 true
     0 | D:1      | 0 ||| qw: Do second Lair branch before Depths: true
     0 | D:1      | 0 ||| qw: Lair rune preference: random
     0 | D:1      | 0 ||| qw: Plans: Normal, Zot:1-4, God:TSO, Crypt, Tomb,
                  | Pan, Slime:5, Hells, Abyss, Orb
     0 | D:1      | 0 ||| PLANNING D:1-11
    39 | D:1      | 39 ||| Stepping ~*~*~tactically~*~*~ (stealth).
    81 | D:1      | Reached XP level 2. HP: 15/19 MP: 2/2
   250 | D:1      | Found a faded altar of an unknown god.
   558 | D:1      | 558 ||| Stepping ~*~*~tactically~*~*~ (hiding).
   619 | D:1      | Reached skill level 3 in Axes
   669 | D:1      | Reached XP level 3. HP: 23/23 MP: 3/3
   684 | D:1      | 684 ||| Stepping ~*~*~tactically~*~*~ (stealth).
   685 | D:1      | 685 ||| Stepping ~*~*~tactically~*~*~ (stealth).
  1040 | D:1      | 1040 ||| DROPPING amulet of faith.
  1041 | D:1      | 1041 ||| UPGRADING to ring of resist corrosion.
  1042 | D:1      | 1042 ||| READING scroll labelled KAUH MASHUILOJ.
  1043 | D:1      | 1043 ||| READING scroll labelled DIUFETT ASIGH.
  1044 | D:1      | 1044 ||| READING scroll labelled KEYGAOLIUG.
  1045 | D:1      | 1045 ||| READING scroll labelled HOAGIC TUDGHE.
  1048 | D:1      | 1048 ||| READING scroll labelled TICSIXK WOTI.
  1049 | D:1      | 1049 ||| DRINKING 2 clear potions.
  1192 | D:2      | Noticed Sigmund
  1203 | D:2      | Killed Sigmund
  1204 | D:2      | Reached XP level 4. HP: 26/28 MP: 4/4
  1204 | D:2      | Reached XP level 5. HP: 29/32 MP: 5/5
  1290 | D:2      | 1290 ||| Stepping ~*~*~tactically~*~*~ (stealth).
  1335 | D:2      | 1335 ||| DROPPING +0 club.
  1387 | D:2      | 1387 ||| Stepping ~*~*~tactically~*~*~ (stealth).
  1388 | D:2      | 1388 ||| Stepping ~*~*~tactically~*~*~ (stealth).
  1737 | D:2      | 1737 ||| READING 2 scrolls labelled ZUNNA HOEKHI.
  1738 | D:2      | 1738 ||| DROPPING scroll of butterflies.
  1804 | D:3      | Reached XP level 6. HP: 28/38 MP: 6/6
  1816 | D:3      | 1816 ||| FLEEEEING.
  1817 | D:3      | 1817 ||| FLEEEEING.
  2145 | D:3      | 2145 ||| Stepping ~*~*~tactically~*~*~ (stealth).
  2149 | D:3      | 2149 ||| Stepping ~*~*~tactically~*~*~ (stealth).
  2171 | D:3      | Reached skill level 1 in Dodging
  2181 | D:3      | 2181 ||| READING scroll of brand weapon.
  2181 | D:3      | 2181 ||| BRANDING +0 vorpal war axe.
  2187 | D:3      | Noticed a black bear
  2188 | D:3      | 2188 ||| Stepping ~*~*~tactically~*~*~ (stealth).
  2190 | D:3      | 2190 ||| Stepping ~*~*~tactically~*~*~ (stealth).
  2199 | D:3      | Killed a black bear
  2438 | D:3      | 2438 ||| READING scroll labelled MUTECU LUMI.
  2481 | D:4      | Noticed Edmund
  2493 | D:4      | Killed Edmund
  2494 | D:4      | Reached skill level 6 in Axes
  2494 | D:4      | Reached XP level 7. HP: 27/43 MP: 7/7
  2607 | D:4      | 2607 ||| DROPPING +0 whip.
  2986 | D:4      | Found an ancient bone altar of Kikubaaqudgha.
  3056 | D:4      | Reached skill level 1 in Throwing
  3063 | D:4      | Reached XP level 8. HP: 49/49 MP: 8/8
  3289 | D:4      | 3289 ||| Stepping ~*~*~tactically~*~*~ (hiding).
  3292 | D:4      | 3292 ||| Stepping ~*~*~tactically~*~*~ (hiding).
  3385 | D:4      | 3385 ||| UPGRADING to +6 ring of strength.
  3386 | D:4      | 3386 ||| READING scroll labelled NONELUKHLIO.
  3387 | D:4      | 3387 ||| READING scroll labelled ZIETOM FECSUZO.
  3388 | D:4      | 3388 ||| DRINKING 2 yellow potions.
  3389 | D:4      | 3389 ||| READING 2 scrolls of identify.
  3389 | D:4      | 3389 ||| IDENTIFYING amethyst potion
  3390 | D:4      | 3390 ||| DROPPING potion of magic.
  3391 | D:4      | 3391 ||| DROPPING potion of degeneration.
  3413 | D:5      | Entered Level 5 of the Dungeon
  3429 | D:5      | Found a transporter.
  3455 | D:5      | 3455 ||| Stepping ~*~*~tactically~*~*~ (hiding).
  3458 | D:5      | 3458 ||| Stepping ~*~*~tactically~*~*~ (hiding).
  3697 | D:5      | Found a staircase to the Ecumenical Temple.
  3719 | D:5      | 3719 ||| PLANNING TEMPLE
  3720 | D:5      | 3720 ||| READING scroll labelled KORHEL VEITWEA.
  3721 | D:5      | 3721 ||| READING scroll labelled BENWEO ZUFAZ.
  3726 | Temple   | Entered the Ecumenical Temple
  3759 | Temple   | 3759 ||| PLANNING D:1-11
  3762 | Temple   | Became a worshipper of Warmaster Okawaru
  3944 | D:5      | Found a one-way gate to the infinite horrors of the Abyss.
  3944 | D:5      | Noticed qw's ghost (amateur GrFi)
  3958 | D:5      | Found a transporter.
  4006 | D:5      | 4006 ||| UPGRADING to +4 ring mail.
  4016 | D:5      | 4016 ||| DROPPING +0 scale mail.
  4017 | D:5      | 4017 ||| UPGRADING to +0 chain mail.
  4027 | D:5      | 4027 ||| DROPPING +4 ring mail.
  4028 | D:5      | 4028 ||| DRINKING 2 lumpy silvery potions.
  4308 | D:6      | 4308 ||| Stepping ~*~*~tactically~*~*~ (hiding).
  4314 | D:6      | Reached skill level 6 in Fighting
  4330 | D:6      | 4330 ||| Stepping ~*~*~tactically~*~*~ (stealth).
  4457 | D:6      | 4457 ||| Stepping ~*~*~tactically~*~*~ (stealth).
  4458 | D:6      | Noticed a kobold demonologist
  4459 | D:6      | 4459 ||| Stepping ~*~*~tactically~*~*~ (stealth).
  4461 | D:6      | 4461 ||| Stepping ~*~*~tactically~*~*~ (stealth).
  4484 | D:6      | Reached skill level 9 in Axes
  4484 | D:6      | Reached XP level 9. HP: 34/55 MP: 9/9
  4508 | D:6      | 4508 ||| FLEEEEING.
  4509 | D:6      | 4509 ||| FLEEEEING.
  4510 | D:6      | 4510 ||| FLEEEEING.
  4511 | D:6      | 4511 ||| FLEEEEING.
  4512 | D:6      | 4512 ||| FLEEEEING.
  4519 | D:6      | 4519 ||| STAIRDANCE
  4603 | D:6      | 4603 ||| STAIRDANCE
  4613 | D:5      | Killed a kobold demonologist
  4613 | D:5      | Reached * piety under Okawaru
  4614 | D:5      | Reached skill level 5 in Shields
  4633 | D:6      | Found the +7 Throatcutter {drain, coup de grace}
  4704 | D:6      | Reached skill level 1 in Invocations
  4855 | D:6      | 4855 ||| INVOKING Heroism.
  4858 | D:6      | 4858 ||| Stepping ~*~*~tactically~*~*~ (hiding).
  5188 | D:6      | 5188 ||| READING scroll labelled EGULAR KELAREC.
  5189 | D:6      | 5189 ||| READING 2 scrolls of identify.
  5189 | D:6      | 5189 ||| IDENTIFYING white potion
  5190 | D:6      | 5190 ||| DROPPING potion of flight.
  5227 | D:7      | 5227 ||| INVOKING Heroism.
  5235 | D:7      | Reached skill level 3 in Invocations
  5333 | D:7      | 5333 ||| Stepping ~*~*~tactically~*~*~ (stealth).
  5337 | D:7      | 5337 ||| INVOKING Heroism.
  5386 | D:7      | 5386 ||| Stepping ~*~*~tactically~*~*~ (hiding).
  5389 | D:7      | 5389 ||| Stepping ~*~*~tactically~*~*~ (hiding).
  5390 | D:7      | 5390 ||| Stepping ~*~*~tactically~*~*~ (hiding).
  5391 | D:7      | 5391 ||| Stepping ~*~*~tactically~*~*~ (hiding).
  5392 | D:7      | 5392 ||| Stepping ~*~*~tactically~*~*~ (hiding).
  5393 | D:7      | 5393 ||| Stepping ~*~*~tactically~*~*~ (hiding).
  5394 | D:7      | 5394 ||| INVOKING Heroism.
  5501 | D:7      | Found a flagged portal.
  5505 | D:7      | Found Vifywk's Armour Emporium.
  5543 | D:7      | 5543 ||| Stepping ~*~*~tactically~*~*~ (stealth).
  5545 | D:7      | 5545 ||| Stepping ~*~*~tactically~*~*~ (stealth).
  5547 | D:7      | 5547 ||| Stepping ~*~*~tactically~*~*~ (stealth).
  5549 | D:7      | 5549 ||| INVOKING Heroism.
  5552 | D:7      | 5552 ||| Stepping ~*~*~tactically~*~*~ (stealth).
  5671 | D:7      | 5671 ||| Stepping ~*~*~tactically~*~*~ (hiding).
  5796 | D:7      | Reached ** piety under Okawaru
  6024 | D:7      | 6024 ||| UPGRADING to +0 tower shield.
  6034 | D:7      | 6034 ||| DROPPING +0 buckler.
  6035 | D:7      | 6035 ||| READING 2 scrolls of identify.
  6035 | D:7      | 6035 ||| IDENTIFYING golden potion
  6059 | D:8      | 6059 ||| STAIRDANCE
  6064 | D:8      | 6064 ||| STAIRDANCE
  6089 | D:8      | 6089 ||| STAIRDANCE
  6094 | D:7      | Reached skill level 6 in Shields
  6094 | D:7      | Reached XP level 10. HP: 52/63 MP: 13/13
  6147 | D:8      | 6147 ||| STAIRDANCE
  6157 | D:7      | Reached skill level 7 in Shields
  6166 | D:8      | 6166 ||| STAIRDANCE
  6172 | D:8      | 6172 ||| STAIRDANCE
  6188 | D:8      | 6188 ||| STAIRDANCE
  6190 | D:7      | 6190 ||| INVOKING Heroism.
  6224 | D:8      | 6224 ||| STAIRDANCE
  6228 | D:7      | 6228 ||| INVOKING Heroism.
  6332 | D:8      | 6332 ||| STAIRDANCE
  6338 | D:7      | Reached skill level 8 in Shields
  6392 | D:8      | 6392 ||| STAIRDANCE
  6394 | D:7      | 6394 ||| INVOKING Heroism.
  6462 | D:8      | 6462 ||| INVOKING Heroism.
  6464 | D:8      | Reached skill level 9 in Shields
  6494 | D:8      | 6494 ||| STAIRDANCE
  6556 | D:8      | 6556 ||| STAIRDANCE
  6691 | D:8      | Found a snail-covered altar of Cheibriados.
  6989 | D:8      | Reached *** piety under Okawaru
  6995 | D:8      | 6995 ||| Stepping ~*~*~tactically~*~*~ (stealth).
  7010 | D:8      | 7010 ||| INVOKING Heroism.
  7134 | D:8      | Reached skill level 10 in Shields
  7138 | D:8      | 7138 ||| Stepping ~*~*~tactically~*~*~ (stealth).
  7141 | D:8      | 7141 ||| Stepping ~*~*~tactically~*~*~ (stealth).
  7207 | D:8      | 7207 ||| DRINKING 3 murky red potions.
  7227 | D:9      | Noticed Maggie
  7228 | D:9      | 7228 ||| INVOKING Heroism.
  7242 | D:9      | Killed Maggie
  7373 | D:9      | Reached skill level 11 in Shields
  7498 | D:9      | 7498 ||| FLEEEEING.
  7499 | D:9      | 7499 ||| FLEEEEING.
  7512 | D:9      | 7512 ||| FLEEEEING.
  7516 | D:9      | 7516 ||| Stepping ~*~*~tactically~*~*~ (hiding).
  7518 | D:9      | 7518 ||| Stepping ~*~*~tactically~*~*~ (hiding).
  7519 | D:9      | 7519 ||| Stepping ~*~*~tactically~*~*~ (hiding).
  7521 | D:9      | 7521 ||| Stepping ~*~*~tactically~*~*~ (hiding).
  7527 | D:9      | 7527 ||| FLEEEEING.
  7528 | D:9      | 7528 ||| Stepping ~*~*~tactically~*~*~ (hiding).
  7529 | D:9      | 7529 ||| FLEEEEING.
  7530 | D:9      | 7530 ||| Stepping ~*~*~tactically~*~*~ (hiding).
  7531 | D:9      | 7531 ||| FLEEEEING.
  7532 | D:9      | 7532 ||| Stepping ~*~*~tactically~*~*~ (hiding).
  7534 | D:9      | 7534 ||| Stepping ~*~*~tactically~*~*~ (hiding).
  7536 | D:9      | 7536 ||| Stepping ~*~*~tactically~*~*~ (hiding).
  7537 | D:9      | 7537 ||| Stepping ~*~*~tactically~*~*~ (hiding).
  7538 | D:9      | 7538 ||| Stepping ~*~*~tactically~*~*~ (hiding).
  7540 | D:9      | 7540 ||| Stepping ~*~*~tactically~*~*~ (hiding).
  7575 | D:9      | 7575 ||| FLEEEEING.
  7576 | D:9      | 7576 ||| Stepping ~*~*~tactically~*~*~ (hiding).
  7578 | D:9      | 7578 ||| Stepping ~*~*~tactically~*~*~ (hiding).
  7580 | D:9      | 7580 ||| Stepping ~*~*~tactically~*~*~ (hiding).
  7582 | D:9      | 7582 ||| Stepping ~*~*~tactically~*~*~ (hiding).
  7584 | D:9      | 7584 ||| Stepping ~*~*~tactically~*~*~ (hiding).
  7600 | D:9      | 7600 ||| INVOKING Heroism.
  7637 | D:9      | 7637 ||| FLEEEEING.
  7767 | D:9      | 7767 ||| Stepping ~*~*~tactically~*~*~ (stealth).
  7769 | D:9      | 7769 ||| Stepping ~*~*~tactically~*~*~ (stealth).
  7776 | D:9      | 7776 ||| INVOKING Heroism.
  7782 | D:9      | Reached **** piety under Okawaru
  7783 | D:9      | Reached XP level 11. HP: 56/67 MP: 11/14
  7876 | D:9      | 7876 ||| READING scroll of enchant weapon.
  7876 | D:9      | 7876 ||| ENCHANTING +1 war axe of electrocution.
  7894 | D:9      | 7894 ||| Stepping ~*~*~tactically~*~*~ (hiding).
  7898 | D:9      | 7898 ||| INVOKING Heroism.
  7901 | D:9      | 7901 ||| DRINKING 4 potions of curing.
  7901 | D:9      | 7901 ||| (to cure confusion)
  8041 | D:9      | Found an ornate altar of the Wu Jian Council.
  8139 | D:9      | 8139 ||| UPGRADING to +2 pair of boots.
  8144 | D:9      | 8144 ||| UPGRADING to +0 cloak.
  8149 | D:9      | 8149 ||| READING 2 scrolls of enchant armour.
  8149 | D:9      | 8149 ||| ENCHANTING +0 cloak.
  8150 | D:9      | 8150 ||| READING scroll of enchant armour.
  8150 | D:9      | 8150 ||| ENCHANTING +1 cloak.
  8151 | D:9      | 8151 ||| UPGRADING to amulet of the acrobat.
  8156 | D:9      | 8156 ||| UPGRADING to ring of willpower.
  8158 | D:9      | 8158 ||| READING 3 scrolls of identify.
  8158 | D:9      | 8158 ||| IDENTIFYING gluggy clear potion
  8159 | D:9      | 8159 ||| READING 2 scrolls of identify.
  8159 | D:9      | 8159 ||| IDENTIFYING red potion
  8160 | D:9      | 8160 ||| DROPPING potion of brilliance.
  8179 | D:10     | Entered Level 10 of the Dungeon
  8215 | D:10     | 8215 ||| Stepping ~*~*~tactically~*~*~ (hiding).
  8223 | D:10     | 8223 ||| INVOKING Heroism.
  8239 | D:10     | 8239 ||| Stepping ~*~*~tactically~*~*~ (stealth).
  8332 | D:10     | Found Sifasurph's Antique Armour Emporium.
  8340 | D:10     | 8340 ||| BUYING pair of gloves (148 gold).
  8340 | D:10     | Bought a pair of gloves for 148 gold pieces
  8346 | D:10     | 8346 ||| INVOKING Heroism.
  8349 | D:10     | 8349 ||| Stepping ~*~*~tactically~*~*~ (stealth).
  8362 | D:10     | 8362 ||| INVOKING Heroism.
  8384 | D:10     | Reached skill level 12 in Shields
  8384 | D:10     | 8384 ||| INVOKING Heroism.
  8394 | D:10     | 8394 ||| INVOKING Heroism.
  8491 | D:10     | Noticed a two-headed ogre
  8492 | D:10     | 8492 ||| INVOKING Heroism.
  8498 | D:10     | Killed a two-headed ogre
  8519 | D:10     | 8519 ||| Stepping ~*~*~tactically~*~*~ (stealth).
  8521 | D:10     | 8521 ||| Stepping ~*~*~tactically~*~*~ (stealth).
  8526 | D:10     | 8526 ||| Stepping ~*~*~tactically~*~*~ (stealth).
  8528 | D:10     | 8528 ||| Stepping ~*~*~tactically~*~*~ (hiding).
  8531 | D:10     | 8531 ||| INVOKING Heroism.
  8542 | D:10     | 8542 ||| Stepping ~*~*~tactically~*~*~ (stealth).
  8547 | D:10     | 8547 ||| Stepping ~*~*~tactically~*~*~ (hiding).
  8567 | D:10     | 8567 ||| FLEEEEING.
  8568 | D:10     | 8568 ||| FLEEEEING.
  8570 | D:10     | 8570 ||| FLEEEEING.
  8571 | D:10     | 8571 ||| FLEEEEING.
  8572 | D:10     | 8572 ||| FLEEEEING.
  8618 | D:10     | 8618 ||| Stepping ~*~*~tactically~*~*~ (stealth).
  8620 | D:10     | 8620 ||| Stepping ~*~*~tactically~*~*~ (stealth).
  8622 | D:10     | 8622 ||| Stepping ~*~*~tactically~*~*~ (stealth).
  8630 | D:10     | Found a staircase to the Orcish Mines.
  8632 | D:10     | Noticed a two-headed ogre
  8634 | D:10     | 8634 ||| INVOKING Heroism.
  8639 | D:10     | Killed a two-headed ogre
  8672 | D:10     | 8672 ||| INVOKING Heroism.
  8684 | D:10     | 8684 ||| Stepping ~*~*~tactically~*~*~ (stealth).
  8692 | D:10     | 8692 ||| Stepping ~*~*~tactically~*~*~ (stealth).
  8706 | D:10     | 8706 ||| INVOKING Heroism.
  8753 | D:10     | 8753 ||| INVOKING Heroism.
  8774 | D:10     | 8774 ||| INVOKING Heroism.
  8929 | D:10     | 8929 ||| Stepping ~*~*~tactically~*~*~ (stealth).
  8932 | D:10     | 8932 ||| INVOKING Heroism.
  8984 | D:10     | Found a staircase to the Lair.
  9004 | D:10     | 9004 ||| INVOKING Heroism.
  9011 | D:10     | Reached skill level 6 in Invocations
  9017 | D:10     | 9017 ||| INVOKING Heroism.
  9046 | D:10     | 9046 ||| INVOKING Heroism.
  9240 | D:10     | 9240 ||| READING scroll of enchant weapon.
  9240 | D:10     | 9240 ||| ENCHANTING +2 war axe of electrocution.
  9290 | D:10     | 9290 ||| Stepping ~*~*~tactically~*~*~ (stealth).
  9292 | D:10     | 9292 ||| INVOKING Heroism.
  9334 | D:10     | Noticed a two-headed ogre
  9335 | D:10     | 9335 ||| INVOKING Heroism.
  9342 | D:10     | Killed a two-headed ogre
  9501 | D:10     | Noticed a two-headed ogre
  9502 | D:10     | 9502 ||| INVOKING Heroism.
  9509 | D:10     | Killed a two-headed ogre
  9537 | D:10     | 9537 ||| FLEEEEING.
  9538 | D:10     | 9538 ||| FLEEEEING.
  9539 | D:10     | 9539 ||| FLEEEEING.
  9540 | D:10     | 9540 ||| FLEEEEING.
  9541 | D:10     | 9541 ||| FLEEEEING.
  9542 | D:10     | 9542 ||| FLEEEEING.
  9543 | D:10     | 9543 ||| FLEEEEING.
  9544 | D:10     | 9544 ||| FLEEEEING.
  9545 | D:10     | 9545 ||| FLEEEEING.
  9546 | D:10     | 9546 ||| FLEEEEING.
  9547 | D:10     | 9547 ||| FLEEEEING.
  9548 | D:10     | 9548 ||| FLEEEEING.
  9549 | D:10     | 9549 ||| FLEEEEING.
  9550 | D:10     | 9550 ||| STAIRDANCE
  9584 | D:9      | 9584 ||| UPGRADING to +0 pair of gloves.
  9604 | D:10     | 9604 ||| Stepping ~*~*~tactically~*~*~ (stealth).
  9839 | D:10     | 9839 ||| PLANNING LAIR
  9839 | D:10     | 9839 ||| UPGRADING to +0 plate armour.
  9849 | D:10     | 9849 ||| DROPPING +0 chain mail.
  9879 | Lair:1   | Entered Level 1 of the Lair of Beasts
  9910 | Lair:1   | 9910 ||| SWAPPING to +0 broad axe.
  9911 | Lair:1   | 9911 ||| DROPPING +3 war axe of electrocution.
  9920 | Lair:1   | 9920 ||| Stepping ~*~*~tactically~*~*~ (stealth).
  9921 | Lair:1   | 9921 ||| Stepping ~*~*~tactically~*~*~ (stealth).
  9995 | Lair:1   | 9995 ||| INVOKING Heroism.
 10070 | Lair:1   | Reached skill level 6 in Armour
 10098 | Lair:1   | 10098 ||| READING scroll of enchant armour.
 10098 | Lair:1   | 10098 ||| ENCHANTING +0 pair of gloves.
 10128 | Lair:1   | 10128 ||| INVOKING Heroism.
 10130 | Lair:1   | Noticed a death yak
 10147 | Lair:1   | Killed a death yak
 10147 | Lair:1   | Reached ***** piety under Okawaru
 10413 | Lair:1   | Reached XP level 12. HP: 69/72 MP: 16/18
 10610 | Lair:1   | 10610 ||| READING scroll labelled NID LOUFIRASAQESHRO.
 10611 | Lair:1   | 10611 ||| READING 2 scrolls of identify.
 10611 | Lair:1   | 10611 ||| IDENTIFYING coppery potion
 10729 | Lair:2   | Noticed a four-headed hydra
 10738 | Lair:2   | Found a transporter.
 10741 | Lair:2   | Noticed Weugil's ghost (journeyman HaBe)
 10743 | Lair:2   | 10743 ||| Stepping ~*~*~tactically~*~*~ (stealth).
 10859 | Lair:2   | 10859 ||| INVOKING Heroism.
 11036 | Lair:2   | Noticed a five-headed hydra
 11037 | Lair:2   | 11037 ||| Stepping ~*~*~tactically~*~*~ (hiding).
 11040 | Lair:2   | 11040 ||| INVOKING Heroism.
 11041 | Lair:2   | 11041 ||| SWAPPING to +0 flail of venom.
 11042 | Lair:2   | 11042 ||| INVOKING Finesse.
 11051 | Lair:2   | Killed a five-headed hydra
 11052 | Lair:2   | 11052 ||| SWAPPING to +0 broad axe.
 11121 | Lair:2   | Reached skill level 13 in Shields
 11121 | Lair:2   | Reached skill level 9 in Invocations
 11224 | Lair:2   | Identified the +5 chain mail of the Locust {rElec} (Okawaru
                  | gifted it to you on level 2 of the Lair of Beasts)
 11224 | Lair:2   | Received a gift from Okawaru
 11252 | Lair:2   | 11252 ||| INVOKING Heroism.
 11258 | Lair:2   | 11258 ||| Stepping ~*~*~tactically~*~*~ (stealth).
 11339 | Lair:2   | Identified the +2 robe "Rusysuoc" {Harm rF+ rCorr Int-4}
 11390 | Lair:2   | 11390 ||| INVOKING Heroism.
 11562 | Lair:2   | Found a transporter.
 11640 | Lair:2   | Noticed a five-headed hydra
 11641 | Lair:2   | 11641 ||| INVOKING Heroism.
 11642 | Lair:2   | Noticed a four-headed hydra
 11642 | Lair:2   | 11642 ||| SWAPPING to +0 flail of venom.
 11643 | Lair:2   | 11643 ||| INVOKING Finesse.
 11652 | Lair:2   | Killed a five-headed hydra
 11656 | Lair:2   | 11656 ||| SWAPPING to +0 broad axe.
 11659 | Lair:2   | 11659 ||| SWAPPING to +0 flail of venom.
 11670 | Lair:2   | Killed a four-headed hydra
 11671 | Lair:2   | 11671 ||| SWAPPING to +0 broad axe.
 11678 | Lair:2   | 11678 ||| INVOKING Heroism.
 11706 | Lair:2   | HP: 12/73 [wyvern (11)]
 11707 | Lair:2   | 11707 ||| READING 6 scrolls of teleportation.
 11708 | Lair:2   | 11708 ||| INVOKING Heroism.
 12366 | Lair:2   | 12366 ||| UPGRADING to +5 chain mail of the Locust {rElec}.
 12376 | Lair:2   | 12376 ||| DROPPING +0 plate armour.
 12377 | Lair:2   | 12377 ||| DRINKING 3 purple potions.
 12378 | Lair:2   | 12378 ||| READING 2 scrolls of identify.
 12378 | Lair:2   | 12378 ||| IDENTIFYING cyan potion
 12549 | Lair:3   | 12549 ||| Stepping ~*~*~tactically~*~*~ (hiding).
 12550 | Lair:3   | 12550 ||| Stepping ~*~*~tactically~*~*~ (hiding).
 12565 | Lair:3   | Found a staircase to the Snake Pit.
 12603 | Lair:3   | 12603 ||| FLEEEEING.
 12691 | Lair:3   | Found a staircase to the Shoals.
 12842 | Lair:3   | Noticed Sonja
 12843 | Lair:3   | 12843 ||| INVOKING Finesse.
 12865 | Lair:3   | 12865 ||| INVOKING Heroism.
 12868 | Lair:3   | Killed Sonja
 13076 | Lair:3   | 13076 ||| Stepping ~*~*~tactically~*~*~ (stealth).
 13079 | Lair:3   | 13079 ||| Stepping ~*~*~tactically~*~*~ (stealth).
 13081 | Lair:3   | 13081 ||| INVOKING Heroism.
 13515 | Lair:4   | Noticed a boulder beetle
 13516 | Lair:4   | 13516 ||| INVOKING Heroism.
 13517 | Lair:4   | 13517 ||| INVOKING Finesse.
 13533 | Lair:4   | Killed a boulder beetle
 13534 | Lair:4   | Reached XP level 13. HP: 79/79 MP: 13/20
 13705 | Lair:4   | 13705 ||| Stepping ~*~*~tactically~*~*~ (stealth).
 13719 | Lair:4   | 13719 ||| Stepping ~*~*~tactically~*~*~ (stealth).
 13724 | Lair:4   | 13724 ||| Stepping ~*~*~tactically~*~*~ (stealth).
 13811 | Lair:4   | 13811 ||| Stepping ~*~*~tactically~*~*~ (stealth).
 13833 | Lair:4   | Reached skill level 9 in Fighting
 13879 | Lair:4   | 13879 ||| INVOKING Heroism.
 13962 | Lair:4   | 13962 ||| INVOKING Heroism.
 14058 | Lair:4   | 14058 ||| INVOKING Heroism.
 14065 | Lair:4   | Reached skill level 14 in Shields
 14084 | Lair:4   | 14084 ||| Stepping ~*~*~tactically~*~*~ (hiding).
 14085 | Lair:4   | 14085 ||| Stepping ~*~*~tactically~*~*~ (hiding).
 14086 | Lair:4   | 14086 ||| Stepping ~*~*~tactically~*~*~ (hiding).
 14102 | Lair:4   | 14102 ||| INVOKING Heroism.
 14125 | Lair:4   | 14125 ||| Stepping ~*~*~tactically~*~*~ (stealth).
 14157 | Lair:4   | 14157 ||| Stepping ~*~*~tactically~*~*~ (stealth).
 14197 | Lair:4   | 14197 ||| INVOKING Heroism.
 14251 | Lair:4   | 14251 ||| Stepping ~*~*~tactically~*~*~ (stealth).
 14252 | Lair:4   | 14252 ||| Stepping ~*~*~tactically~*~*~ (stealth).
 14279 | Lair:4   | 14279 ||| Stepping ~*~*~tactically~*~*~ (stealth).
 14280 | Lair:4   | 14280 ||| Stepping ~*~*~tactically~*~*~ (stealth).
 14281 | Lair:4   | 14281 ||| Stepping ~*~*~tactically~*~*~ (stealth).
 14308 | Lair:4   | 14308 ||| Stepping ~*~*~tactically~*~*~ (stealth).
 14337 | Lair:4   | 14337 ||| Stepping ~*~*~tactically~*~*~ (stealth).
 14352 | Lair:4   | 14352 ||| INVOKING Heroism.
 14366 | Lair:4   | 14366 ||| Stepping ~*~*~tactically~*~*~ (stealth).
 14389 | Lair:4   | 14389 ||| INVOKING Heroism.
 14411 | Lair:4   | 14411 ||| Stepping ~*~*~tactically~*~*~ (stealth).
 14412 | Lair:4   | 14412 ||| Stepping ~*~*~tactically~*~*~ (stealth).
 14413 | Lair:4   | 14413 ||| Stepping ~*~*~tactically~*~*~ (stealth).
 14415 | Lair:4   | 14415 ||| Stepping ~*~*~tactically~*~*~ (stealth).
 14416 | Lair:4   | 14416 ||| Stepping ~*~*~tactically~*~*~ (hiding).
 14417 | Lair:4   | 14417 ||| Stepping ~*~*~tactically~*~*~ (stealth).
 14492 | Lair:4   | 14492 ||| Stepping ~*~*~tactically~*~*~ (stealth).
 14493 | Lair:4   | 14493 ||| Stepping ~*~*~tactically~*~*~ (stealth).
 14695 | Lair:4   | 14695 ||| Stepping ~*~*~tactically~*~*~ (stealth).
 14931 | Lair:4   | 14931 ||| DROPPING +6 ring of intelligence.
 14932 | Lair:4   | 14932 ||| UPGRADING to +4 ring of slaying {mikee}.
 14934 | Lair:4   | 14934 ||| DROPPING ring of willpower.
 14935 | Lair:4   | 14935 ||| READING scroll labelled ADOLAMIOCI.
 14936 | Lair:4   | 14936 ||| READING 4 scrolls of identify.
 14936 | Lair:4   | 14936 ||| IDENTIFYING brown potion
 14937 | Lair:4   | 14937 ||| DROPPING potion of ambrosia.
 14952 | Lair:5   | Entered Level 5 of the Lair of Beasts
 14967 | Lair:5   | 14967 ||| Stepping ~*~*~tactically~*~*~ (stealth).
 14971 | Lair:5   | Reached skill level 12 in Axes
 14987 | Lair:5   | 14987 ||| Stepping ~*~*~tactically~*~*~ (stealth).
 15012 | Lair:5   | 15012 ||| READING scroll of enchant armour.
 15012 | Lair:5   | 15012 ||| ENCHANTING +1 pair of gloves.
 15040 | Lair:5   | 15040 ||| Stepping ~*~*~tactically~*~*~ (stealth).
 15043 | Lair:5   | 15043 ||| INVOKING Heroism.
 15045 | Lair:5   | 15045 ||| Stepping ~*~*~tactically~*~*~ (stealth).
 15087 | Lair:5   | 15087 ||| Stepping ~*~*~tactically~*~*~ (stealth).
 15132 | Lair:5   | 15132 ||| Stepping ~*~*~tactically~*~*~ (stealth).
 15137 | Lair:5   | 15137 ||| Stepping ~*~*~tactically~*~*~ (stealth).
 15154 | Lair:5   | 15154 ||| FLEEEEING.
 15155 | Lair:5   | 15155 ||| FLEEEEING.
 15156 | Lair:5   | 15156 ||| FLEEEEING.
 15157 | Lair:5   | 15157 ||| FLEEEEING.
 15158 | Lair:5   | 15158 ||| FLEEEEING.
 15159 | Lair:5   | 15159 ||| FLEEEEING.
 15160 | Lair:5   | 15160 ||| FLEEEEING.
 15161 | Lair:5   | 15161 ||| FLEEEEING.
 15162 | Lair:5   | 15162 ||| FLEEEEING.
 15163 | Lair:5   | 15163 ||| FLEEEEING.
 15164 | Lair:5   | 15164 ||| FLEEEEING.
 15165 | Lair:5   | 15165 ||| FLEEEEING.
 15166 | Lair:5   | 15166 ||| FLEEEEING.
 15167 | Lair:5   | 15167 ||| FLEEEEING.
 15292 | Lair:5   | 15292 ||| STAIRDANCE
 15312 | Lair:5   | Received a gift from Okawaru
 15314 | Lair:5   | 15314 ||| SWAPPING to +3 broad axe of holy wrath.
 15315 | Lair:5   | 15315 ||| DROPPING +0 broad axe.
 15381 | Lair:5   | 15381 ||| Stepping ~*~*~tactically~*~*~ (stealth).
 15382 | Lair:5   | 15382 ||| Stepping ~*~*~tactically~*~*~ (stealth).
 15414 | Lair:5   | 15414 ||| Stepping ~*~*~tactically~*~*~ (hiding).
 15439 | Lair:5   | 15439 ||| Stepping ~*~*~tactically~*~*~ (stealth).
 15451 | Lair:5   | 15451 ||| Stepping ~*~*~tactically~*~*~ (stealth).
 15452 | Lair:5   | 15452 ||| INVOKING Heroism.
 15461 | Lair:5   | 15461 ||| Stepping ~*~*~tactically~*~*~ (stealth).
 15650 | Lair:5   | 15650 ||| Stepping ~*~*~tactically~*~*~ (stealth).
 15652 | Lair:5   | Noticed Kirke
 15653 | Lair:5   | 15653 ||| Stepping ~*~*~tactically~*~*~ (stealth).
 15656 | Lair:5   | 15656 ||| INVOKING Heroism.
 15657 | Lair:5   | 15657 ||| INVOKING Finesse.
 15662 | Lair:5   | 15662 ||| Stepping ~*~*~tactically~*~*~ (stealth).
 15663 | Lair:5   | 15663 ||| Stepping ~*~*~tactically~*~*~ (stealth).
 15669 | Lair:5   | Killed Kirke
 15679 | Lair:5   | 15679 ||| SWAPPING to +0 flail of venom.
 15685 | Lair:5   | 15685 ||| Stepping ~*~*~tactically~*~*~ (outnumbered).
 15691 | Lair:5   | 15691 ||| SWAPPING to +3 broad axe of holy wrath.
 15707 | Lair:5   | 15707 ||| Stepping ~*~*~tactically~*~*~ (stealth).
 15772 | Lair:5   | 15772 ||| INVOKING Heroism.
 15807 | Lair:5   | 15807 ||| Stepping ~*~*~tactically~*~*~ (stealth).
 15885 | Lair:5   | 15885 ||| Stepping ~*~*~tactically~*~*~ (stealth).
 15896 | Lair:5   | 15896 ||| INVOKING Heroism.
 15897 | Lair:5   | 15897 ||| SWAPPING to +0 flail of venom.
 15898 | Lair:5   | 15898 ||| INVOKING Finesse.
 15903 | Lair:5   | 15903 ||| SWAPPING to +3 broad axe of holy wrath.
 16000 | Lair:5   | 16000 ||| Stepping ~*~*~tactically~*~*~ (stealth).
 16006 | Lair:5   | 16006 ||| Stepping ~*~*~tactically~*~*~ (stealth).
 16091 | Lair:5   | Noticed Nessos
 16092 | Lair:5   | 16092 ||| INVOKING Finesse.
 16103 | Lair:5   | 16103 ||| INVOKING Heroism.
 16119 | Lair:5   | Killed Nessos
 16119 | Lair:5   | Identified the +7 hand axe "Giogaqyv" {drain, Drain Fly
                  | Will+ Int+5} (Okawaru gifted it to you on level 5 of the
                  | Lair of Beasts)
 16119 | Lair:5   | Received a gift from Okawaru
 16120 | Lair:5   | Gained mutation: Your large and strong wings let you fly.
                  | [Gargoyle growth]
 16120 | Lair:5   | Reached XP level 14. HP: 50/88 MP: 16/21
 16330 | Lair:5   | 16330 ||| Stepping ~*~*~tactically~*~*~ (stealth).
 16332 | Lair:5   | 16332 ||| Stepping ~*~*~tactically~*~*~ (stealth).
 16336 | Lair:5   | 16336 ||| INVOKING Heroism.
 16372 | Lair:5   | 16372 ||| Stepping ~*~*~tactically~*~*~ (stealth).
 16398 | Lair:5   | 16398 ||| Stepping ~*~*~tactically~*~*~ (stealth).
 16402 | Lair:5   | 16402 ||| Stepping ~*~*~tactically~*~*~ (stealth).
 16414 | Lair:5   | 16414 ||| Stepping ~*~*~tactically~*~*~ (hiding).
 16419 | Lair:5   | 16419 ||| INVOKING Heroism.
 16488 | Lair:5   | 16488 ||| Stepping ~*~*~tactically~*~*~ (stealth).
 16491 | Lair:5   | 16491 ||| Stepping ~*~*~tactically~*~*~ (stealth).
 16495 | Lair:5   | 16495 ||| Stepping ~*~*~tactically~*~*~ (stealth).
 16496 | Lair:5   | 16496 ||| Stepping ~*~*~tactically~*~*~ (stealth).
 16497 | Lair:5   | 16497 ||| Stepping ~*~*~tactically~*~*~ (stealth).
 16500 | Lair:5   | 16500 ||| INVOKING Heroism.
 16515 | Lair:5   | 16515 ||| Stepping ~*~*~tactically~*~*~ (stealth).
 16518 | Lair:5   | 16518 ||| Stepping ~*~*~tactically~*~*~ (hiding).
 16520 | Lair:5   | 16520 ||| Stepping ~*~*~tactically~*~*~ (hiding).
 16529 | Lair:5   | Reached skill level 15 in Shields
 16544 | Lair:5   | 16544 ||| Stepping ~*~*~tactically~*~*~ (stealth).
 16585 | Lair:5   | 16585 ||| Stepping ~*~*~tactically~*~*~ (hiding).
 16588 | Lair:5   | 16588 ||| INVOKING Heroism.
 16611 | Lair:5   | 16611 ||| Stepping ~*~*~tactically~*~*~ (stealth).
 16612 | Lair:5   | 16612 ||| Stepping ~*~*~tactically~*~*~ (stealth).
 16676 | Lair:5   | 16676 ||| INVOKING Heroism.
 16794 | Lair:5   | 16794 ||| Stepping ~*~*~tactically~*~*~ (hiding).
 16808 | Lair:5   | 16808 ||| INVOKING Heroism.
 16810 | Lair:5   | Noticed a dire elephant
 16834 | Lair:5   | Killed a dire elephant
 16869 | Lair:5   | 16869 ||| INVOKING Heroism.
 16910 | Lair:5   | 16910 ||| Stepping ~*~*~tactically~*~*~ (stealth).
 16915 | Lair:5   | 16915 ||| INVOKING Heroism.
 16926 | Lair:5   | 16926 ||| Stepping ~*~*~tactically~*~*~ (stealth).
 16927 | Lair:5   | 16927 ||| Stepping ~*~*~tactically~*~*~ (stealth).
 16929 | Lair:5   | 16929 ||| Stepping ~*~*~tactically~*~*~ (stealth).
 16985 | Lair:5   | 16985 ||| Stepping ~*~*~tactically~*~*~ (stealth).
 16987 | Lair:5   | 16987 ||| Stepping ~*~*~tactically~*~*~ (hiding).
 17050 | Lair:5   | 17050 ||| Stepping ~*~*~tactically~*~*~ (stealth).
 17063 | Lair:5   | 17063 ||| INVOKING Heroism.
 17076 | Lair:5   | Identified the +7 chain mail of Wu Jian {Dex+3}
 17123 | Lair:5   | 17123 ||| INVOKING Heroism.
 17186 | Lair:5   | 17186 ||| INVOKING Heroism.
 17197 | Lair:5   | 17197 ||| UPGRADING to +7 chain mail of Wu Jian {Dex+3}.
 17202 | Lair:5   | 17202 ||| UPGRADING to +7 chain mail of Wu Jian {Dex+3}.
 17212 | Lair:5   | 17212 ||| DROPPING +5 chain mail of the Locust {rElec}.
 17296 | Lair:5   | Found a staircase to the Slime Pits.
 17297 | Lair:5   | 17297 ||| INVOKING Heroism.
 17298 | Lair:5   | 17298 ||| Stepping ~*~*~tactically~*~*~ (stealth).
 17299 | Lair:5   | 17299 ||| Stepping ~*~*~tactically~*~*~ (stealth).
 17300 | Lair:5   | 17300 ||| INVOKING Finesse.
 17305 | Lair:5   | 17305 ||| SWAPPING to +0 flail of venom.
 17312 | Lair:5   | 17312 ||| SWAPPING to +3 broad axe of holy wrath.
 17347 | Lair:5   | 17347 ||| INVOKING Heroism.
 17356 | Lair:5   | Received a gift from Okawaru
 17359 | Lair:5   | HP: 22/88 [oklob plant/splash of acid (21)]
 17360 | Lair:5   | 17360 ||| READING 6 scrolls of teleportation.
 17361 | Lair:5   | 17361 ||| DRINKING potion of heal wounds.
 17651 | Lair:5   | 17651 ||| INVOKING Heroism.
 17652 | Lair:5   | 17652 ||| INVOKING Finesse.
 17659 | Lair:5   | Reached skill level 3 in Dodging
 17698 | Lair:5   | 17698 ||| FLEEEEING.
 17704 | Lair:5   | 17704 ||| Stepping ~*~*~tactically~*~*~ (stealth).
 17705 | Lair:5   | 17705 ||| INVOKING Heroism.
 17723 | Lair:5   | 17723 ||| INVOKING Finesse.
 17735 | Lair:5   | Received a gift from Okawaru
 18048 | Lair:5   | 18048 ||| PLANNING D:1-11
 18062 | Lair:4   | 18062 ||| Stepping ~*~*~tactically~*~*~ (stealth).
 18207 | D:11     | 18207 ||| INVOKING Heroism.
 18208 | D:11     | 18208 ||| INVOKING Finesse.
 18411 | D:11     | 18411 ||| INVOKING Heroism.
 18836 | D:11     | 18836 ||| Stepping ~*~*~tactically~*~*~ (hiding).
 19212 | D:11     | Reached skill level 9 in Armour
 19216 | D:11     | 19216 ||| Stepping ~*~*~tactically~*~*~ (hiding).
 19286 | D:11     | 19286 ||| Stepping ~*~*~tactically~*~*~ (stealth).
 19287 | D:11     | 19287 ||| Stepping ~*~*~tactically~*~*~ (stealth).
 19392 | D:11     | 19392 ||| READING scroll of enchant weapon.
 19392 | D:11     | 19392 ||| ENCHANTING +3 broad axe of holy wrath.
 19603 | D:11     | 19603 ||| PLANNING D
 19786 | D:12     | 19786 ||| Stepping ~*~*~tactically~*~*~ (stealth).
 19846 | D:12     | 19846 ||| Stepping ~*~*~tactically~*~*~ (hiding).
 19871 | D:12     | 19871 ||| Stepping ~*~*~tactically~*~*~ (stealth).
 19877 | D:12     | 19877 ||| Stepping ~*~*~tactically~*~*~ (hiding).
 19878 | D:12     | 19878 ||| Stepping ~*~*~tactically~*~*~ (hiding).
 19974 | D:12     | 19974 ||| Stepping ~*~*~tactically~*~*~ (stealth).
 19978 | D:12     | 19978 ||| Stepping ~*~*~tactically~*~*~ (hiding).
 20084 | D:12     | Reached skill level 16 in Shields
 20234 | D:12     | 20234 ||| Stepping ~*~*~tactically~*~*~ (stealth).
 20235 | D:12     | 20235 ||| Stepping ~*~*~tactically~*~*~ (stealth).
 20236 | D:12     | 20236 ||| Stepping ~*~*~tactically~*~*~ (stealth).
 20454 | D:13     | 20454 ||| FLEEEEING.
 20455 | D:13     | 20455 ||| STAIRDANCE
 20521 | D:13     | 20521 ||| STAIRDANCE
 20525 | D:12     | Reached XP level 15. HP: 72/94 MP: 22/22
 20615 | D:13     | 20615 ||| STAIRDANCE
 20622 | D:13     | 20622 ||| STAIRDANCE
 20628 | D:13     | 20628 ||| STAIRDANCE
 20637 | D:13     | 20637 ||| STAIRDANCE
 20722 | D:13     | 20722 ||| INVOKING Heroism.
 20723 | D:13     | 20723 ||| INVOKING Finesse.
 20724 | D:13     | 20724 ||| SWAPPING to +0 flail of venom.
 20732 | D:13     | 20732 ||| SWAPPING to +4 broad axe of holy wrath.
 20743 | D:13     | Received a gift from Okawaru
 20767 | D:13     | Reached skill level 15 in Axes
 20816 | D:13     | 20816 ||| INVOKING Heroism.
 20817 | D:13     | 20817 ||| INVOKING Finesse.
 20985 | D:13     | Identified the +0 ring mail of Keirad {rPois Str+3}
 20997 | D:13     | 20997 ||| INVOKING Heroism.
 20998 | D:13     | 20998 ||| INVOKING Finesse.
 21229 | D:13     | 21229 ||| INVOKING Heroism.
 21242 | D:13     | Reached skill level 12 in Fighting
 21394 | D:13     | 21394 ||| INVOKING Heroism.
 21644 | D:13     | Found a gate to the Vaults.
 21783 | D:13     | 21783 ||| Stepping ~*~*~tactically~*~*~ (hiding).
 21787 | D:13     | 21787 ||| INVOKING Heroism.
 21909 | D:13     | Found the +12 glaive of Prune {vorpal}
 22116 | D:14     | 22116 ||| Stepping ~*~*~tactically~*~*~ (stealth).
 22127 | D:14     | 22127 ||| INVOKING Heroism.
 22308 | D:14     | 22308 ||| Stepping ~*~*~tactically~*~*~ (hiding).
 22499 | D:14     | 22499 ||| INVOKING Heroism.
 22776 | D:14     | Received a gift from Okawaru
 23022 | D:14     | 23022 ||| UPGRADING to +4 ring of evasion.
 23024 | D:14     | 23024 ||| DROPPING +6 ring of strength.
 23066 | D:15     | Entered Level 15 of the Dungeon
 23107 | D:15     | Found Pysequpt's Neck Hole.
 23147 | D:15     | Reached ****** piety under Okawaru
 23176 | D:15     | 23176 ||| Stepping ~*~*~tactically~*~*~ (stealth).
 23181 | D:15     | 23181 ||| Stepping ~*~*~tactically~*~*~ (stealth).
 23183 | D:15     | 23183 ||| INVOKING Heroism.
 23206 | D:15     | Received a gift from Okawaru
 23352 | D:15     | Found a staircase to the Depths.
 23356 | D:15     | 23356 ||| READING scroll of enchant weapon.
 23356 | D:15     | 23356 ||| ENCHANTING +4 broad axe of holy wrath.
 23378 | D:15     | 23378 ||| Stepping ~*~*~tactically~*~*~ (stealth).
 23380 | D:15     | 23380 ||| Stepping ~*~*~tactically~*~*~ (hiding).
 23381 | D:15     | 23381 ||| Stepping ~*~*~tactically~*~*~ (hiding).
 23386 | D:15     | 23386 ||| INVOKING Heroism.
 23693 | D:15     | 23693 ||| READING scroll of enchant weapon.
 23693 | D:15     | 23693 ||| ENCHANTING +5 broad axe of holy wrath.
 23703 | D:15     | 23703 ||| Stepping ~*~*~tactically~*~*~ (hiding).
 23704 | D:15     | 23704 ||| Stepping ~*~*~tactically~*~*~ (hiding).
 23705 | D:15     | 23705 ||| Stepping ~*~*~tactically~*~*~ (hiding).
 23826 | D:15     | Received a gift from Okawaru
 23827 | D:15     | Reached XP level 16. HP: 101/101 MP: 23/23
 24037 | D:15     | 24037 ||| Stepping ~*~*~tactically~*~*~ (stealth).
 24040 | D:15     | 24040 ||| INVOKING Heroism.
 24103 | D:15     | 24103 ||| Stepping ~*~*~tactically~*~*~ (hiding).
 24104 | D:15     | 24104 ||| Stepping ~*~*~tactically~*~*~ (hiding).
 24151 | D:15     | Found a runed translucent door.
 24154 | D:15     | Noticed TuffENuff's ghost (journeyman FoFi)
 24163 | D:15     | Identified the +7 spear "Emuif" {venom, +Blink rN+}
 24884 | D:15     | 24884 ||| PLANNING ORC
 25081 | Orc:1    | Entered Level 1 of the Orcish Mines
 25091 | Orc:1    | 25091 ||| INVOKING Heroism.
 25174 | Orc:1    | 25174 ||| INVOKING Heroism.
 25176 | Orc:1    | 25176 ||| INVOKING Finesse.
 25206 | Orc:1    | 25206 ||| Stepping ~*~*~tactically~*~*~ (stealth).
 25207 | Orc:1    | 25207 ||| Stepping ~*~*~tactically~*~*~ (hiding).
 25208 | Orc:1    | 25208 ||| Stepping ~*~*~tactically~*~*~ (hiding).
 25245 | Orc:1    | Received a gift from Okawaru
 25252 | Orc:1    | 25252 ||| INVOKING Heroism.
 25294 | Orc:1    | 25294 ||| INVOKING Heroism.
 25296 | Orc:1    | 25296 ||| Stepping ~*~*~tactically~*~*~ (hiding).
 25359 | Orc:1    | 25359 ||| Stepping ~*~*~tactically~*~*~ (stealth).
 25711 | Orc:2    | Entered Level 2 of the Orcish Mines
 25732 | Orc:2    | 25732 ||| Stepping ~*~*~tactically~*~*~ (stealth).
 25736 | Orc:2    | 25736 ||| Stepping ~*~*~tactically~*~*~ (stealth).
 25741 | Orc:2    | 25741 ||| Stepping ~*~*~tactically~*~*~ (hiding).
 25748 | Orc:2    | 25748 ||| INVOKING Heroism.
 25830 | Orc:2    | 25830 ||| Stepping ~*~*~tactically~*~*~ (hiding).
 25834 | Orc:2    | 25834 ||| Stepping ~*~*~tactically~*~*~ (stealth).
 25839 | Orc:2    | 25839 ||| INVOKING Heroism.
 25847 | Orc:2    | 25847 ||| Stepping ~*~*~tactically~*~*~ (hiding).
 25855 | Orc:2    | 25855 ||| Stepping ~*~*~tactically~*~*~ (hiding).
 25863 | Orc:2    | Reached skill level 3 in Throwing
 25863 | Orc:2    | 25863 ||| Stepping ~*~*~tactically~*~*~ (hiding).
 25880 | Orc:2    | 25880 ||| INVOKING Finesse.
 26056 | Orc:2    | Found Rijiodur's Book Emporium.
 26057 | Orc:2    | 26057 ||| INVOKING Heroism.
 26058 | Orc:2    | 26058 ||| INVOKING Finesse.
 26158 | Orc:2    | Found Bulell's Armour Shop.
 26159 | Orc:2    | 26159 ||| INVOKING Heroism.
 26277 | Orc:2    | Found a staircase to the Elven Halls.
 26279 | Orc:2    | 26279 ||| INVOKING Heroism.
 26452 | Orc:2    | Found Kunuext's Antique Weapon Shop.
 26452 | Orc:2    | Found Jocon's Assorted Antiques.
 26453 | Orc:2    | 26453 ||| INVOKING Heroism.
 26458 | Orc:2    | Identified the +3 chain mail of Slovenliness {*Slow rC+
                  | MP+9} (Okawaru gifted it to you on level 2 of the Orcish
                  | Mines)
 26458 | Orc:2    | Received a gift from Okawaru
 26493 | Orc:2    | 26493 ||| FLEEEEING.
 26494 | Orc:2    | 26494 ||| FLEEEEING.
 26495 | Orc:2    | 26495 ||| FLEEEEING.
 26496 | Orc:2    | 26496 ||| FLEEEEING.
 26504 | Orc:2    | 26504 ||| FLEEEEING.
 26505 | Orc:2    | 26505 ||| FLEEEEING.
 26506 | Orc:2    | 26506 ||| FLEEEEING.
 26507 | Orc:2    | 26507 ||| FLEEEEING.
 26508 | Orc:2    | 26508 ||| FLEEEEING.
 26509 | Orc:2    | 26509 ||| FLEEEEING.
 26510 | Orc:2    | 26510 ||| FLEEEEING.
 26511 | Orc:2    | 26511 ||| FLEEEEING.
 26512 | Orc:2    | 26512 ||| FLEEEEING.
 26513 | Orc:2    | 26513 ||| FLEEEEING.
 26514 | Orc:2    | 26514 ||| FLEEEEING.
 26515 | Orc:2    | 26515 ||| STAIRDANCE
 26735 | Orc:2    | 26735 ||| DROPPING +0 flail of venom.
 26739 | Orc:2    | 26739 ||| BUYING blackened bone ring (135 gold).
 26739 | Orc:2    | Bought a blackened bone ring for 135 gold pieces
 26739 | Orc:2    | 26739 ||| BUYING glowing whip (148 gold).
 26739 | Orc:2    | Bought a glowing whip for 148 gold pieces
 26739 | Orc:2    | 26739 ||| BUYING potion of heal wounds (135 gold).
 26739 | Orc:2    | Bought a potion of heal wounds for 135 gold pieces
 26739 | Orc:2    | 26739 ||| BUYING potion of heal wounds (135 gold).
 26739 | Orc:2    | Bought a potion of heal wounds for 135 gold pieces
 26739 | Orc:2    | 26739 ||| BUYING scroll of brand weapon (256 gold).
 26739 | Orc:2    | Bought a scroll of brand weapon for 256 gold pieces
 26739 | Orc:2    | 26739 ||| BUYING scroll of teleportation (81 gold).
 26739 | Orc:2    | Bought a scroll of teleportation for 81 gold pieces
 26739 | Orc:2    | 26739 ||| DROPPING +3 whip of venom.
 26929 | Orc:2    | 26929 ||| Stepping ~*~*~tactically~*~*~ (hiding).
 27065 | Orc:2    | 27065 ||| PLANNING SNAKE:1-3
 27065 | Orc:2    | 27065 ||| DROPPING ring of positive energy.
 27167 | Snake:1  | Entered Level 1 of the Snake Pit
 27369 | Snake:1  | 27369 ||| Stepping ~*~*~tactically~*~*~ (hiding).
 27684 | Snake:1  | 27684 ||| INVOKING Heroism.
 27703 | Snake:1  | Reached skill level 6 in Throwing
 27704 | Snake:1  | HP: 20/101 [salamander/+2 vorpal trident (11)]
 27705 | Snake:1  | 27705 ||| READING 10 scrolls of teleportation.
 27706 | Snake:1  | 27706 ||| DRINKING 3 potions of heal wounds.
 27957 | Snake:1  | Reached skill level 17 in Shields
 28163 | Snake:1  | 28163 ||| Stepping ~*~*~tactically~*~*~ (hiding).
 28309 | Snake:1  | 28309 ||| DROPPING scarf of harm.
 28340 | Snake:2  | 28340 ||| STAIRDANCE
 28444 | Snake:2  | 28444 ||| INVOKING Heroism.
 28445 | Snake:2  | 28445 ||| STAIRDANCE
 28488 | Snake:2  | 28488 ||| INVOKING Heroism.
 28499 | Snake:2  | HP: 12/101 [salamander tyrant/flame surge (45)]
 28500 | Snake:2  | 28500 ||| READING 9 scrolls of teleportation.
 28501 | Snake:2  | 28501 ||| DRINKING 2 potions of heal wounds.
 28504 | Snake:2  | HP: 14/101 [salamander tyrant (21)]
 28505 | Snake:2  | 28505 ||| DRINKING potion of heal wounds.
 28540 | Snake:2  | 28540 ||| INVOKING Heroism.
 28789 | Snake:2  | 28789 ||| Stepping ~*~*~tactically~*~*~ (hiding).
 28795 | Snake:2  | 28795 ||| INVOKING Heroism.
 28808 | Snake:2  | Noticed Asterion
 28809 | Snake:2  | 28809 ||| INVOKING Finesse.
 28818 | Snake:2  | Noticed an Executioner
 28840 | Snake:2  | Noticed an Executioner
 28844 | Snake:2  | HP: 16/101 [Asterion/+0 vorpal broad axe (20)]
 28845 | Snake:2  | 28845 ||| READING 8 scrolls of teleportation.
 28846 | Snake:2  | HP: 4/101 [Asterion/+0 vorpal broad axe (10)]
 28847 | Snake:2  | Killed Asterion
 28847 | Snake:2  | Slain by a naga

Levels and vault maps discovered:
D:1:      dpeg_arrival_pond, layout_basic, dreamdust_ecumenical_altar_grove
D:2:      layout_loops_ring, uniq_sigmund
D:3:      layout_rooms
D:4:      layout_rooms, lemuel_mausoleum_altar_kikubaaqudgha,
          chequers_serial_rivers_micro_c, uniq_edmund
D:5:      layout_rooms, temple_doors_e, gammafunk_ghost_abyssal_escape
D:6:      layout_loops_ring, chequers_garden, nicolae_benzene_ring,
          dilly_guarded_unrand_throatcut
D:7:      layout_cave_pools, serial_shops,
          nicolae_shop_temple_entry_statues_fountains, enter_bailey_2
D:8:      layout_cave_pools, cheibriados_altar_1
D:9:      layout_cave_pools, mainiacjoe_overflow_six_doors_small, minivault_19,
          kb_lookout_dungeons_type, uniq_maggie
D:10:     layout_long_grid, erik_lair_island, zombieorc1_lemuel, serial_shops,
          shop, serial_bayou, serial_bayou_lagoon_b, serial_bayou_lagoon_a,
          serial_bayou_shore_a, serial_bayou_pond_e
D:11:     minmay_bubble_buster, layout_stronghold
D:12:     nicolae_cairo_tiling_large, layout_loops_ring, kennysheep_doodads
D:13:     minmay_connected_boxes_in_corner, layout_long_grid, david_vaults_5,
          minmay_guarded_unrand_prune
D:14:     layout_roguey, grunt_decor_resistance
D:15:     grunt_enter_depths_hoard, layout_basic, ebering_ghost_funeral_grove,
          nicolae_wwwww, nicolae_shop_sticking_my_neck_out
Temple:   hellmonk_temple_of_storms
Lair:1:   layout_regular_city, serial_bayou_pond_b,
          chequers_serial_rivers_room_b, chequers_serial_rivers_marsh,
          infiniplex_staircase_pool
Lair:2:   nzn_winding_woodlands_medium [nzn_winding_woodlands_hourglass,
          nzn_winding_woodlands_5x15_split_checker,
          nzn_winding_woodlands_5x5_cross,
          nzn_winding_woodlands_5x5_checkerboard,
          nzn_winding_woodlands_center_pierced_h,
          nzn_winding_woodlands_5x5_default, nzn_winding_woodlands_5x5_default,
          nzn_winding_woodlands_5x15_garden, nzn_winding_woodlands_5x5_default],
          layout_regular_city, gammafunk_ghost_berserking_beasts,
          wad_woods_road_06, chequers_serial_rivers_micro_c
Lair:3:   layout_regular_city, minmay_shoals_entry_lonely_mermaid,
          minmay_snake_entry_guardpost_small, nicolae_quartered_pool_impasse,
          uniq_sonja
Lair:4:   regret_index_tunnel_blossom, layout_loops_ring, nzn_sisyphean_effort
Lair:5:   hangedman_lair_caniforms_friends, layout_gridlike,
          hangedman_lair_tendril_chambers, minmay_slime_entry_oklob_open,
          uniq_kirke, uniq_nessos
Snake:1:  layout_concentric_octagons, nicolae_snake_guarding_the_ruins
Snake:2:  layout_cave_pods, uniq_vashnia, uniq_aizul, uniq_asterion
Orc:1:    layout_caves, minmay_orc_temple_c
Orc:2:    st_orc_town, layout_caves

Skill      XL: |  1  2  3  4  5  6  7  8  9 10 11 12 13 14 15 16 |
---------------+-------------------------------------------------+-----
Axes           | 2 3 5 6 7 9 10 11 13 14 16 | 16.2
Fighting       | 4 5 6 7 8 10 11 12 | 12.0
Dodging        | 1 2 3 4 |  4.0
Throwing       | 1 2 7 |  7.0
Shields        | 6 11 12 13 14 16 17 | 17.0
Invocations    | 4 8 10 | 10.0
Armour         | 4 6 7 9 10 | 10.0

Action                   |  1- 3 |  4- 6 |  7- 9 | 10-12 | 13-15 | 16-18 || total
-------------------------+-------+-------+-------+-------+-------+-------++-------
Melee: War axe           |    97 |    88 |   265 |   336 |       |       ||   786
       Broad axe         |       |       |       |   265 |  1182 |   443 ||  1890
       Flail             |       |       |       |    32 |    25 |       ||    57
Throw: Boomerang         |       |     9 |    22 |    98 |   175 |    25 ||   329
       Javelin           |       |       |       |       |       |    15 ||    15
Invok: Heroism           |       |       |     5 |    40 |    40 |    16 ||   101
       Finesse           |       |       |       |     4 |    10 |     4 ||    18
  Use: Scroll            |     5 |     3 |     8 |    11 |     7 |     3 ||    37
       Potion            |     1 |       |     2 |     3 |     1 |     3 ||    10
 Stab: Distracted        |       |       |       |     1 |     1 |       ||     2
Armor: Scale mail        |    42 |    67 |    48 |       |       |       ||   157
       Chain mail        |       |       |    96 |   137 |   535 |   142 ||   910
       Plate armour      |       |       |       |   109 |       |       ||   109
Dodge: Dodged            |    44 |    58 |   106 |   123 |   306 |   118 ||   755
Block: Buckler           |    20 |    25 |    50 |       |       |       ||    95
       Tower shield      |       |       |    13 |   534 |  1165 |   394 ||  2106

Table legend:
 A = Non-vault XP
 B = Vault XP
 C = Vault XP percentage of total XP
 D = Non-vault monster count
 E = Vault monster count
 F = Vault count percentage of total count
                 A         B        C        D         E       F
            +---------+---------+-------+---------+---------+-------
      Total |   84119 |   82744 |  49.6 |     460 |     376 |  45.0
            +---------+---------+-------+---------+---------+-------
        D:1 |      48 |       0 |   0.0 |      27 |       0 |   0.0
        D:2 |      35 |     226 |  86.6 |      19 |       1 |   5.0
        D:3 |     285 |       0 |   0.0 |      24 |       0 |   0.0
        D:4 |      77 |     650 |  89.4 |       7 |      13 |  65.0
        D:5 |     348 |     364 |  51.1 |       6 |       1 |  14.3
        D:6 |     971 |     390 |  28.7 |      13 |       4 |  23.5
        D:7 |    2854 |       0 |   0.0 |      45 |       0 |   0.0
        D:8 |    1416 |       0 |   0.0 |      11 |       0 |   0.0
        D:9 |    1437 |     486 |  25.3 |      24 |       2 |   7.7
       D:10 |    4860 |    1436 |  22.8 |      31 |      36 |  53.7
       D:11 |    5538 |    3829 |  40.9 |      19 |      12 |  38.7
       D:12 |    5283 |       0 |   0.0 |      24 |       0 |   0.0
       D:13 |    4990 |   17820 |  78.1 |      18 |      34 |  65.4
       D:14 |    9576 |       0 |   0.0 |      19 |       0 |   0.0
       D:15 |    9830 |    1798 |  15.5 |      29 |       2 |   6.5
     Lair:1 |    1249 |    1331 |  51.6 |       7 |       4 |  36.4
     Lair:2 |    4164 |    5086 |  55.0 |      18 |      13 |  41.9
     Lair:3 |    2511 |    1703 |  40.4 |       9 |       5 |  35.7
     Lair:4 |     797 |    7404 |  90.3 |       2 |      49 |  96.1
     Lair:5 |   10189 |   24337 |  70.5 |      33 |      96 |  74.4
    Snake:1 |    6747 |    4288 |  38.9 |      13 |      13 |  50.0
    Snake:2 |    8547 |    1636 |  16.1 |      17 |       1 |   5.6
      Orc:1 |     709 |    3272 |  82.2 |      16 |      30 |  65.2
      Orc:2 |    1658 |    6688 |  80.1 |      29 |      60 |  67.4
            +---------+---------+-------+---------+---------+-------
